 Dungeon Crawl Stone Soup version 0.22-a0-618-gd6a3efe (webtiles) character file.

140 Ijustatesigmund the Sneak (level 5, 0/36 HPs)
             Began as an Octopode Fighter on July 13, 2018.
             Killed from afar by an orc wizard (5 damage)
             ... with a puff of flame
             ... on level 2 of the Dungeon.
             The game lasted 00:02:24 (940 turns).

Ijustatesigmund the Sneak (Octopode Fighter)         Turns: 940, Time: 00:02:25

Health: 0/36       AC:  1    Str: 20    XL:     5   Next: 23%
Magic:  5/5        EV: 12    Int: 10    God:
Gold:   58         SH:  9    Dex: 13    Spells: 4/4 levels left

rFire    . . .     SeeInvis .   a - +0 war axe
rCold    . . .     Gourm    .   b - +0 shield
rNeg     . . .     Faith    .   (helmet restricted)
rPois    .         Spirit   .   (no amulet)
rElec    .         Reflect  .   (no ring)
rCorr    .         Harm     .   (no ring)
MR       .....                  (no ring)
Stlth    ++++......             (no ring)
HPRegen  0.12/turn              (no ring)
MPRegen  0.09/turn              (no ring)
                                (no ring)
                                (no ring)

@: mighty, hasted, very quick
A: almost no armour, stealthy swim, amphibious, 8 rings, constrict 8, camouflage
1, gelatinous body 1
a: no special abilities


You were on level 2 of the Dungeon.
You were not hungry.

You visited 1 branch of the dungeon, and saw 2 of its levels.

You collected 58 gold pieces.

Inventory:

Hand Weapons
 a - a +0 war axe (weapon)
 f - a +0 whip of venom
Armour
 b - a +0 shield (worn)
Potions
 c - a potion of might
 e - a potion of lignification
Comestibles
 d - 5 rations


   Skills:
 - Level 3.3 Fighting
 - Level 3.1 Axes
 - Level 3.0 Dodging
 + Level 4.8 Stealth
 - Level 3.3 Shields


You had 4 spell levels left.
You didn't know any spells.
Your spell library was empty.

Dungeon Overview and Level Annotations

Branches:
Dungeon (2/15)

Altars:


Innate Abilities, Weirdness & Mutations

You cannot wear most types of armour.
You are very stealthy in the water. (Stealth+)
You are amphibious.
You can wear up to eight rings at the same time.
You can use your tentacles to constrict eight enemies at once.
Your skin changes colour to match your surroundings (Stealth+).
Your rubbery body absorbs attacks. (AC +1, EV +1)


Message History

The puff of flame hits you!
You bump into the rock wall.
Something hits you but does no damage.
You bump into the rock wall.
Something hits you.
You bump into the rock wall.
You hear some strange, mumbled words.
Something tries to affect you, but you resist.
You miss something. Your squeeze misses something. Something hits you.
* * * LOW HITPOINT WARNING * * *
It was a potion of magic.
Magic courses through your body. Something hits you.
* * * LOW HITPOINT WARNING * * *
It was a potion of haste.
You feel yourself speed up.
You feel less confused. Something hits you.
* * * LOW HITPOINT WARNING * * *
The orc wizard looks braver for a moment.
You miss something.
You hear some strange, mumbled words.
A puff of flame appears from out of thin air!
The puff of flame hits you!
You die...

#..# ####..#
#.....# #.##.##
#.##.# #.##.#
#.##.#
##########.##.#
.ooooo)@......#
..########.####
#.# .># ###


You could see an orc wizard and 4 orcs.

Vanquished Creatures
  An orc priest (D:2)
  2 orc wizards (D:2)
  2 adders (D:2)
  An ooze (D:2)
  A dart slug (D:1)
  A leopard gecko (D:1)
  3 bats (D:1)
  2 giant cockroaches (D:2)
  5 goblins
  6 hobgoblins (D:1)
  A ball python (D:2)
  3 frilled lizards (D:1)
  4 kobolds
  4 rats
36 creatures vanquished.

Notes
Turn   | Place    | Note
-------+----------+-------------------------------------------
     0 | D:1      | Ijustatesigmund the Octopode Fighter began the quest for the Orb.
     0 | D:1      | Reached XP level 1. HP: 16/16 MP: 1/1
    37 | D:1      | Reached XP level 2. HP: 17/21 MP: 2/2
   324 | D:1      | Reached XP level 3. HP: 17/26 MP: 3/3
   888 | D:2      | Reached skill level 1 in Stealth
   924 | D:2      | Reached skill level 2 in Stealth
   924 | D:2      | Reached XP level 4. HP: 28/31 MP: 4/4
   927 | D:2      | Reached skill level 3 in Stealth
   930 | D:2      | Reached skill level 4 in Stealth
   930 | D:2      | Reached XP level 5. HP: 20/36 MP: 5/5
   940 | D:2      | Killed from afar by an orc wizard

Vault maps used:
D:1:      dpeg_arrival_simpleton_c
D:2:      first_ration

Skill      XL: |  1  2  3  4 |
---------------+-------------+-----
Axes           | 3 |  3.1
Stealth        | 2 4 |  4.8
Fighting       | |  3.3
Dodging        | |  3.0
Shields        | |  3.3

Action                   |  1- 3 |  4- 6 || total
-------------------------+-------+-------++-------
Melee: War axe           |    59 |    10 ||    69
       Constrict         |    15 |     2 ||    17
       Tentacles         |    13 |     1 ||    14
  Use: Scroll            |     3 |       ||     3
       Potion            |       |     3 ||     3
 Stab: Sleeping          |     2 |       ||     2
       Distracted        |     1 |       ||     1
Armor: Skin              |     4 |     2 ||     6
Dodge: Dodged            |    25 |     2 ||    27
Block: Shield            |    21 |     2 ||    23

Table legend:
 A = Spawn XP
 B = Non-spawn XP
 C = Spawn XP percentage of total XP
 D = Spawn monster count
 E = Non-spawn monster count
 F = Spawn count percentage of total count
 G = Total turns spent on level
                    A         B        C        D         E        F      G
               +---------+---------+-------+---------+---------+-------+---------
         Total |       0 |     201 |   0.0 |       0 |      36 |   0.0 |   940
               +---------+---------+-------+---------+---------+-------+---------
           D:1 |       0 |      42 |   0.0 |       0 |      24 |   0.0 |   612
           D:2 |       0 |     159 |   0.0 |       0 |      12 |   0.0 |   328
               +---------+---------+-------+---------+---------+-------+---------
